[Event "Titled Tuesday Blitz April 18 Early 2023"]
[White "Buscar, Michael"]
[Black "Chernov, Mikhail"]
[WhiteFideId "2603616"]
[BlackFideId "24143170"]
[WhiteElo "2010"]
[BlackElo "2113"]
[Result "0-1"]
[Round "10"]
[TimeControl "180+2"]
[Date "2023.04.18"]
[WhiteClock "0:00:52"]
[BlackClock "0:00:42"]

1. Nf3 c5 2. g3 Nc6 3. Bg2 e5 4. d3 g6 5. O-O Bg7 6. c4 Nge7 7. Nc3 O-O 8. Ne1 d6 9. Nc2 h6 10. Ne3 Kh7 11. Ned5 Nxd5 12. Nxd5 Be6 13. Rb1 Ne7 14. Nxe7 Qxe7 15. b4 Rab8 16. bxc5 dxc5 17. a4 b6 18. Bd2 f5 19. a5 e4 20. Bf4 Rbd8 21. axb6 axb6 22. Rxb6 Bxc4 23. Qc2 exd3 24. Qxc4 dxe2 25. Re1 Rd1 26. Rb1 Rxb1 27. Rxb1 e1=Q+ 28. Rxe1 Qxe1+ 29. Bf1 Bd4 30. Kg2 Qxf2+ 31. Kh3 g5 0-1


[Site "https://www.chess.com"]

[Event "Titled Tuesday Blitz April 18 Early 2023"]
[White "Rom, Jasper"]
[Black "Andersson, Bjorn 1971"]
[WhiteFideId "2023733"]
[BlackFideId "1702114"]
[WhiteElo "2233"]
[BlackElo "2176"]
[Result "0-1"]
[Round "10"]
[TimeControl "180+2"]
[Date "2023.04.18"]
[WhiteClock "0:00:02"]
[BlackClock "0:01:23"]

1. e4 c5 2. Nc3 g6 3. f4 Bg7 4. Nf3 Nc6 5. Bb5 d6 6. O-O Bd7 7. d3 a6 8. Ba4 b5 9. Bb3 Nd4 10. Nxd4 Bxd4+ 11. Kh1 Rc8 12. f5 c4 13. dxc4 Bxc3 14. bxc3 bxc4 15. Qd4 f6 16. Bxc4 Rxc4 17. Qxc4 Bb5 18. Qd5 Bxf1 19. c4 Qc8 20. Be3 Bxc4 21. Qd4 Kf7 22. Rb1 Kg7 23. Qa7 gxf5 24. Rb8 Qe6 25. exf5 Qxf5 26. h3 Bd5 27. Kh2 Qe5+ 28. Kg1 Qe4 0-1


[Site "https://www.chess.com"]

[Event "Titled Tuesday Blitz April 18 Early 2023"]
[White "Shuvalov, Evgenij"]
[Black "Balint, Vilmos"]
[WhiteFideId "4187237"]
[BlackFideId "718050"]
[WhiteElo "2080"]
[BlackElo "2034"]
[Result "0-1"]
[Round "10"]
[TimeControl "180+2"]
[Date "2023.04.18"]
[WhiteClock "0:01:11"]
[BlackClock "0:01:12"]

1. d4 Nf6 2. c4 e6 3. Nc3 Bb4 4. f3 c5 5. d5 exd5 6. cxd5 O-O 7. e4 h6 8. Bd3 d6 9. Ne2 Nfd7 10. O-O Ne5 11. Bc2 Re8 12. Be3 Nbd7 13. Ba4 Re7 14. Bxd7 Bxd7 15. Rb1 Rc8 16. Qc2 a6 17. Rfd1 Qe8 18. Bf4 f5 19. exf5 Qf7 20. Ng3 g5 21. Bc1 Rce8 22. Nce4 c4 23. a3 Ba5 24. Nxd6 Bb6+ 25. Kh1 Nd3 26. Nxf7 Re1+ 27. Nf1 Rxd1 28. Nxh6+ Kh7 29. Qxd1 Nf2+ 30. Kg1 Nxd1+ 31. Kh1 Re1 32. g4 Rxf1+ 33. Kg2 Rg1+ 34. Kh3 Nf2# 0-1


[Site "https://www.chess.com"]

[Event "Titled Tuesday Blitz April 18 Early 2023"]
[White "Karthik Sai Ch"]
[Black "HamedWafa4"]
[WhiteFideId "46649484"]
[WhiteElo "2003"]
[BlackElo "2460"]
[Result "0-1"]
[Round "10"]
[TimeControl "180+2"]
[Date "2023.04.18"]
[WhiteClock "0:00:14"]
[BlackClock "0:00:14"]

1. d4 Nf6 2. Nf3 c5 3. c3 d5 4. e3 Nc6 5. Bd3 Bg4 6. O-O e6 7. h3 Bh5 8. Nbd2 Be7 9. Be2 O-O 10. Ne5 Bxe2 11. Qxe2 Nxe5 12. dxe5 Nd7 13. f4 f6 14. exf6 Bxf6 15. e4 Qb6 16. e5 Be7 17. Nf3 c4+ 18. Be3 Bc5 19. Bd4 Bxd4+ 20. Nxd4 Nc5 21. Kh2 Ne4 22. Rf3 Rae8 23. Raf1 a6 24. g3 Qd8 25. Re3 Qa5 26. Rd1 Qxa2 27. Nxe6 Rxe6 28. Rxd5 Ng5 29. fxg5 Qb1 30. Rd1 Qf5 31. h4 b5 32. Kg2 Ree8 33. e6 Re7 34. Rd4 Rfe8 35. Rde4 Qd5 36. Kh2 Qd6 37. Qg4 Rf8 38. Re2 Qd1 39. Rf4 Rfe8 40. Qf3 Qd6 41. Rf2 Rxe6 42. Rf7 Re3 43. Qf5 Qxg3+ 44. Kh1 Re1+ 45. Rf1 Qxh4+ 46. Kg2 R8e2+ 47. Rf2 Qh1+ 48. Kg3 Rg1+ 49. Kf4 Rxf2+ 50. Ke5 Rxf5+ 51. Rxf5 Re1+ 52. Kd6 Qh2+ 53. Kc6 Qg2+ 54. Kb6 Re6+ 55. Ka5 Qc6 56. Rf4 Qb6+ 57. Kb4 a5+ 58. Ka3 Qc5+ 59. Ka2 b4 60. Rd4 b3+ 61. Kb1 Re1+ 62. Rd1 Rxd1# 0-1


[Site "https://www.chess.com"]

[Event "Titled Tuesday Blitz April 18 Early 2023"]
[White "Omariev, Maksim"]
[Black "DeyanKostov"]
[WhiteFideId "4193423"]
[WhiteElo "2456"]
[BlackElo "2349"]
[Result "0-1"]
[Round "10"]
[TimeControl "180+2"]
[Date "2023.04.18"]
[WhiteClock "0:00:02"]
[BlackClock "0:01:08"]

1. g4 d5 2. Bg2 c6 3. h3 g6 4. d4 Bg7 5. Nf3 Nf6 6. c3 O-O 7. Bf4 Ne4 8. Nbd2 f5 9. Be5 fxg4 10. hxg4 Bxg4 11. Bxg7 Kxg7 12. Nxe4 dxe4 13. Ng5 h6 14. Nxe4 Nd7 15. Qd2 Rh8 16. O-O-O Nf6 17. Nc5 b6 18. Nd3 Rc8 19. Ne5 Be6 20. Kb1 c5 21. Rdg1 cxd4 22. cxd4 Bf5+ 23. e4 Nxe4 24. Bxe4 Bxe4+ 25. Ka1 Qd6 26. Rh4 Bf5 27. Nxg6 Bxg6 28. Rhg4 Rhf8 29. Rxg6+ Qxg6 30. Rxg6+ Kxg6 31. Qe3 Rxf2 32. Qe6+ Rf6 33. Qg4+ Kf7 34. Qh5+ Kg7 35. a3 Rc1+ 36. Ka2 Rcf1 37. Qe5 Kf7 38. Qd5+ Kf8 39. Qa8+ Kf7 40. Qxa7 h5 41. Qd7 R1f4 42. d5 h4 43. b4 h3 44. Kb3 h2 0-1


[Site "https://www.chess.com"]

[Event "Titled Tuesday Blitz April 18 Early 2023"]
[White "Itkis, Boris"]
[Black "Melikhov, Evgeny V."]
[WhiteFideId "1209167"]
[BlackFideId "4122046"]
[WhiteElo "2216"]
[BlackElo "2158"]
[Result "1/2-1/2"]
[Round "10"]
[TimeControl "180+2"]
[Date "2023.04.18"]
[WhiteClock "0:01:01"]
[BlackClock "0:01:13"]

1. c4 e5 2. Nf3 d6 3. Nc3 f5 4. d4 e4 5. Ng5 Nf6 6. e3 Be7 7. Be2 O-O 8. O-O a5 9. f3 exf3 10. Bxf3 c6 11. e4 fxe4 12. Ngxe4 Nxe4 13. Nxe4 Nd7 14. Be3 Nf6 15. Qb3 a4 16. Nxf6+ Bxf6 17. Qd3 Qe8 18. Rae1 Qg6 19. Be4 Qh5 20. h3 Bd7 21. Bf3 Qg6 22. Be4 Qh5 23. Bf3 Qg6 24. Be4 Qh5 1/2-1/2


[Site "https://www.chess.com"]

[Event "Titled Tuesday Blitz April 18 Early 2023"]
[White "Estrada Nieto, Julian"]
[Black "ibove"]
[WhiteFideId "5101018"]
[WhiteElo "2161"]
[BlackElo "2333"]
[Result "0-1"]
[Round "10"]
[TimeControl "180+2"]
[Date "2023.04.18"]
[WhiteClock "0:00:05"]
[BlackClock "0:00:14"]

1. e4 c5 2. Nf3 d6 3. Bb5+ Nd7 4. d4 cxd4 5. Qxd4 Nf6 6. Bg5 a6 7. Bxd7+ Bxd7 8. Nc3 Bc6 9. O-O-O Qa5 10. Kb1 Rc8 11. Rhe1 Ng4 12. h3 Ne5 13. Bd2 Nxf3 14. gxf3 Qc5 15. Qxc5 dxc5 16. Be3 e6 17. f4 Be7 18. Rd2 f6 19. Red1 Kf7 20. f3 b6 21. Ne2 Rhd8 22. c4 Rxd2 23. Rxd2 Rd8 24. Kc2 Rxd2+ 25. Bxd2 Bd8 26. Kd3 Bc7 27. Bc3 Kg6 28. Ke3 Kh5 29. Kf2 Kh4 30. Kg2 b5 31. b3 a5 32. Be1+ Kh5 33. Bf2 Bd6 34. Nc3 bxc4 35. bxc4 Kg6 36. Bg3 Kf7 37. f5 Bxg3 38. fxe6+ Kxe6 39. Kxg3 Ke5 40. Ne2 Ba4 41. f4+ Kxe4 42. Nc3+ Kd3 43. Nxa4 Kxc4 44. f5 Kb4 45. Nb6 Ka3 46. Nc4+ Kxa2 47. Nxa5 Ka3 48. Kf3 Kb4 49. Nc6+ Kb5 50. Ne7 c4 51. Ke4 Kc5 52. Nd5 Kd6 53. Kd4 g6 54. fxg6 hxg6 55. Nxf6 Ke6 56. Ne4 Kf5 57. Ke3 Ke5 58. Nc3 Kf5 59. Kf3 Ke5 60. Ke3 Kf5 61. Ne2 Kg5 62. Kf3 Kh4 63. Kg2 g5 0-1


[Site "https://www.chess.com"]

[Event "Titled Tuesday Blitz April 18 Early 2023"]
[White "Kubatko, Ivan"]
[Black "Blokhin, Sofia"]
[WhiteFideId "24111473"]
[BlackFideId "4508190"]
[WhiteElo "2285"]
[BlackElo "1994"]
[Result "0-1"]
[Round "10"]
[TimeControl "180+2"]
[Date "2023.04.18"]
[WhiteClock "0:00:17"]
[BlackClock "0:01:26"]

1. e4 c5 2. c3 e6 3. d4 d5 4. exd5 exd5 5. Nf3 Nf6 6. Be3 cxd4 7. Nxd4 Nc6 8. Bb5 Bd7 9. O-O Be7 10. Nd2 O-O 11. N2f3 a6 12. Be2 Bd6 13. Bg5 h6 14. Bh4 g5 15. Bg3 Bxg3 16. hxg3 Ne4 17. Nxc6 bxc6 18. c4 Be6 19. Nd4 c5 20. Nxe6 fxe6 21. cxd5 exd5 22. Bf3 Nf6 23. Qc2 g4 24. Qg6+ Kh8 25. Qxh6+ Kg8 26. Qg6+ Kh8 27. Bxg4 Nxg4 28. Qxg4 Ra7 29. Rfe1 Rh7 30. Rad1 Qf6 31. Qf3 Qh6 0-1


[Site "https://www.chess.com"]

[Event "Titled Tuesday Blitz April 18 Early 2023"]
[White "Golubev, Mikhail"]
[Black "Kalajzic, Ivan"]
[WhiteFideId "14100983"]
[BlackFideId "14506378"]
[WhiteElo "2374"]
[BlackElo "2203"]
[Result "1-0"]
[Round "10"]
[TimeControl "180+2"]
[Date "2023.04.18"]
[WhiteClock "0:01:14"]
[BlackClock "0:01:25"]

1. e4 c6 2. d4 d5 3. Nc3 b5 4. e5 b4 5. Nce2 Bf5 6. Ng3 Bg6 7. h4 h6 8. h5 Bh7 9. Bd3 Bxd3 10. Qxd3 e6 11. f4 Qb6 12. f5 Qa6 13. fxe6 Qxd3 14. exf7+ Kxf7 15. cxd3 Ne7 16. N1e2 g5 17. O-O+ Ke8 18. Be3 Rh7 19. Rf6 Nd7 20. Rd6 Rc8 21. Rc1 Nb8 22. Rf6 Nd7 23. Rf2 Rf7 24. e6 Rxf2 25. exd7+ Kxd7 26. Kxf2 1-0


[Site "https://www.chess.com"]

[Event "Titled Tuesday Blitz April 18 Early 2023"]
[White "Fajdetic, Hrvoje"]
[Black "Sargissyan, Sargis"]
[WhiteFideId "14501945"]
[BlackFideId "13303210"]
[WhiteElo "2185"]
[BlackElo "2109"]
[Result "0-1"]
[Round "10"]
[TimeControl "180+2"]
[Date "2023.04.18"]
[WhiteClock "0:00:03"]
[BlackClock "0:00:19"]

1. d4 Nf6 2. Bf4 g6 3. Nc3 Bg7 4. e4 d6 5. Qd2 Nc6 6. O-O-O a6 7. Bh6 Bxh6 8. Qxh6 e5 9. dxe5 Nxe5 10. h3 Be6 11. f4 Ned7 12. e5 dxe5 13. fxe5 Nh5 14. Nge2 Qe7 15. g4 O-O-O 16. gxh5 Nxe5 17. Bg2 Nc4 18. a3 Nxa3 19. Nd4 Nc4 20. Nxe6 Qb4 21. Rxd8+ Rxd8 22. Nxd8 Qxb2+ 23. Kd1 Qxc3 24. Nxf7 Nb2+ 25. Ke2 Qc4+ 26. Kf3 Qxf7+ 27. Qf4 Qe7 28. h4 b5 0-1


[Site "https://www.chess.com"]

[Event "Titled Tuesday Blitz April 18 Early 2023"]
[White "Bashirli, Saadat"]
[Black "Jimenez Jimenez, Leandro"]
[WhiteFideId "13429990"]
[BlackFideId "6415253"]
[WhiteElo "1408"]
[BlackElo "2263"]
[Result "0-1"]
[Round "10"]
[TimeControl "180+2"]
[Date "2023.04.18"]
[WhiteClock "0:00:01"]
[BlackClock "0:00:12"]

1. d4 d5 2. e3 c5 3. f4 Nc6 4. Nf3 Nf6 5. c3 Bf5 6. Bd3 Bxd3 7. Qxd3 e6 8. Nbd2 Bd6 9. O-O O-O 10. Ne5 Ne7 11. Ndf3 Nf5 12. g4 Bxe5 13. Nxe5 Nd6 14. Bd2 Nfe4 15. h3 Qh4 16. Rf3 Rfd8 17. Be1 Qe7 18. Rf1 b5 19. a4 c4 20. Qc2 Qb7 21. Bh4 f6 22. Nf3 b4 23. Be1 a5 24. Nd2 Nxd2 25. Bxd2 Ne4 26. Be1 Rdb8 27. Bd2 Qd7 28. Rab1 b3 29. Qc1 Qxa4 30. Ra1 Qd7 31. Be1 a4 32. Ra3 Nd6 33. Qd2 Nb5 34. Ra1 a3 35. bxa3 Nxa3 36. Bf2 Nc2 37. Rxa8 Rxa8 38. Rb1 f5 39. g5 Ra2 40. Qd1 Qa4 41. Qc1 Qa3 0-1


[Site "https://www.chess.com"]

[Event "Titled Tuesday Blitz April 18 Early 2023"]
[White "Orujov2008"]
[Black "Hartikainen, Jarmo"]
[BlackFideId "503134"]
[WhiteElo "2433"]
[BlackElo "2142"]
[Result "1-0"]
[Round "10"]
[TimeControl "180+2"]
[Date "2023.04.18"]
[WhiteClock "0:00:42"]
[BlackClock "0:00:01"]

1. e4 c5 2. Nf3 Nc6 3. d4 cxd4 4. Nxd4 Nf6 5. Nc3 d6 6. Bg5 a6 7. Qd2 Bd7 8. O-O-O Qc7 9. f4 e6 10. Be2 Be7 11. Bf3 O-O-O 12. Qf2 h6 13. Bh4 Kb8 14. e5 dxe5 15. Nxc6+ Bxc6 16. Bxc6 Qxc6 17. fxe5 Nd5 18. Bxe7 Nxe7 19. Qxf7 Nd5 20. Nxd5 Rxd5 21. Rxd5 Qxd5 22. Qxg7 Rd8 23. b3 Qd2+ 24. Kb1 Rc8 25. Rc1 a5 26. a4 Qd5 27. Qxh6 b5 28. axb5 a4 29. Qe3 Qxb5 30. Kb2 Rc5 31. Ra1 axb3 32. Qxb3 Rxe5 33. Qxb5+ Rxb5+ 34. Kc3 Rg5 35. g3 Kb7 36. Rg1 Kc6 37. h4 Rg4 38. h5 Kd5 39. h6 1-0


[Site "https://www.chess.com"]

[Event "Titled Tuesday Blitz April 18 Early 2023"]
[White "Skliarov, Viktor"]
[Black "Mikhaylova, Irina"]
[WhiteFideId "14106736"]
[BlackFideId "4109040"]
[WhiteElo "2317"]
[BlackElo "1975"]
[Result "1-0"]
[Round "10"]
[TimeControl "180+2"]
[Date "2023.04.18"]
[WhiteClock "0:00:08"]
[BlackClock "0:00:10"]

1. e4 c5 2. Nf3 Nc6 3. Bb5 e6 4. Bxc6 bxc6 5. d3 Ne7 6. Qe2 f6 7. h4 d6 8. h5 e5 9. Nh4 Be6 10. f4 Qd7 11. f5 Bf7 12. Nf3 Nc8 13. g4 h6 14. Be3 d5 15. Nbd2 Nb6 16. O-O Be7 17. Nh4 O-O 18. Ng6 Bxg6 19. hxg6 Rfb8 20. b3 Kf8 21. Rf2 Ke8 22. Nf1 Bf8 23. Ng3 Qb7 24. Nh5 c4 25. dxc4 dxc4 26. Rd1 Rd8 27. Kg2 cxb3 28. axb3 a5 29. Bxh6 gxh6 30. Nxf6+ Ke7 31. Ng8+ Ke8 32. f6 Rxd1 33. Qxd1 Bc5 34. f7+ Kf8 35. Qd2 Kg7 36. Qxh6# 1-0


[Site "https://www.chess.com"]

[Event "Titled Tuesday Blitz April 18 Early 2023"]
[White "Womacka, Mathias"]
[Black "Theytookourjobs"]
[WhiteFideId "4611390"]
[WhiteElo "2377"]
[BlackElo "2321"]
[Result "1-0"]
[Round "10"]
[TimeControl "180+2"]
[Date "2023.04.18"]
[WhiteClock "0:00:47"]
[BlackClock "0:00:01"]

1. e4 e6 2. d4 d5 3. Nd2 Be7 4. Ngf3 Nf6 5. e5 Nfd7 6. Bd3 c5 7. c3 Nc6 8. O-O f6 9. Re1 Qc7 10. exf6 Nxf6 11. Nf1 O-O 12. Bg5 cxd4 13. cxd4 Bd7 14. a3 Rae8 15. b4 a6 16. Rc1 Bd6 17. Bb1 Bf4 18. Bxf4 Qxf4 19. Qd2 Qxd2 20. N1xd2 Re7 21. Nb3 b6 22. Bd3 Ra8 23. Rc2 Ne8 24. Rec1 Nd6 25. Rxc6 Bxc6 26. Rxc6 Ne4 27. Rxb6 Rc8 28. Nc5 a5 29. Kf1 axb4 30. axb4 Ra8 31. Nxe4 dxe4 32. Bxe4 Ra2 33. Ne5 g6 34. g3 Kg7 35. Kg2 Kh6 36. h4 Rc7 37. Rxe6 1-0


[Site "https://www.chess.com"]

[Event "Titled Tuesday Blitz April 18 Early 2023"]
[White "Kielinkei"]
[Black "Derichs, Roger"]
[BlackFideId "4630076"]
[WhiteElo "2447"]
[BlackElo "2316"]
[Result "0-1"]
[Round "10"]
[TimeControl "180+2"]
[Date "2023.04.18"]
[WhiteClock "0:00:01"]
[BlackClock "0:00:04"]

1. e4 e6 2. b3 d5 3. Bb2 a6 4. exd5 exd5 5. Nf3 Nf6 6. Be2 Be7 7. O-O O-O 8. d4 Bg4 9. h3 Bh5 10. Nbd2 Nbd7 11. Re1 Re8 12. a4 Bb4 13. c3 Bd6 14. Ba3 Bxa3 15. Rxa3 a5 16. Ra1 c6 17. Qc2 Qc7 18. Bd3 Bxf3 19. Nxf3 g6 20. Qd2 Kg7 21. Re3 Rxe3 22. Qxe3 Re8 23. Qd2 Qd6 24. Re1 Rxe1+ 25. Qxe1 Qa3 26. Qb1 h6 27. Nd2 Qd6 28. Qe1 Nf8 29. Nf3 N6d7 30. Qe2 Qe6 31. Kf1 Qxe2+ 32. Kxe2 Kf6 33. Ke3 Ke6 34. Nd2 f5 35. h4 Kf6 36. Nf3 Ne6 37. g3 g5 38. hxg5+ hxg5 39. Nd2 g4 40. f3 gxf3 41. Nxf3 Ng5 42. Nxg5 Kxg5 43. c4 Nf6 44. cxd5 Nxd5+ 45. Kf3 Nf6 46. Bc2 Ng4 47. Bd3 Nh6 48. Bc2 Nf7 49. Bd3 Nd8 50. Bc2 Ne6 51. Ke3 Kg4 52. Bd3 Nc7 53. Kf2 Nd5 54. Be2+ Kg5 55. Kf3 Nc3 56. Bd3 Nd5 57. Be2 Nf6 58. Bd3 Nh5 59. Bc4 Nf6 60. Be6 Ne8 61. d5 c5 62. Bc8 Nd6 63. Bd7 b6 64. Be6 Ne8 65. Bd7 Nd6 66. Be6 Ne4 67. Bc8 Kf6 68. Kf4 Nd6 69. Be6 c4 70. bxc4 Nxc4 71. g4 fxg4 72. Bxg4 Ke7 73. Ke4 Kd6 74. Kd4 Nb2 75. Be6 Nxa4 76. Kc4 Kc7 77. Kb5 Nc3+ 78. Kc4 Ne4 79. Kb5 Nd6+ 80. Ka4 Kd8 81. Bg8 Ke7 82. Be6 Kf6 83. Bg8 Ke5 84. Be6 Kd4 85. Bg8 Kc5 86. Be6 Nc4 87. Kb3 Ne3 88. d6 Kxd6 89. Bg8 Kc5 90. Kc3 Nd5+ 91. Kb3 b5 92. Bf7 a4+ 93. Ka3 Nb6 94. Bg8 Nc4+ 95. Ka2 b4 96. Bf7 b3+ 97. Kb1 Kb4 98. Bg6 Kc3 99. Bh7 a3 100. Ka1 Kb4 101. Bg6 a2 102. Bf7 Ka3 0-1


[Site "https://www.chess.com"]

[Event "Titled Tuesday Blitz April 18 Early 2023"]
[White "Fernandez Siles, Luis"]
[Black "Prudnykova, Olga"]
[WhiteFideId "2209420"]
[BlackFideId "14121093"]
[WhiteElo "2195"]
[BlackElo "2113"]
[Result "1-0"]
[Round "10"]
[TimeControl "180+2"]
[Date "2023.04.18"]
[WhiteClock "0:00:31"]
[BlackClock "0:00:02"]

1. e4 c5 2. Nf3 Nf6 3. Nc3 e6 4. d4 cxd4 5. Nxd4 Nc6 6. Nxc6 bxc6 7. Bd3 d5 8. O-O Be7 9. Re1 O-O 10. e5 Nd7 11. Na4 c5 12. c4 d4 13. b3 Bb7 14. Qh5 g6 15. Qh6 Re8 16. Bf4 Bf8 17. Qh3 Bg7 18. Rad1 Qc7 19. Qg3 a5 20. h4 Bc6 21. Nb2 a4 22. h5 axb3 23. axb3 Ra2 24. Rd2 Rb8 25. Bb1 Ra3 26. hxg6 hxg6 27. Rd3 Kf8 28. Qg5 Ke8 29. Bc2 Ra2 30. Bc1 Qa5 31. Red1 Nxe5 32. Rh3 Nd7 33. Rh7 Bf6 34. Qg3 Ke7 35. Bg5 1-0


[Site "https://www.chess.com"]

[Event "Titled Tuesday Blitz April 18 Early 2023"]
[White "Pourkashiyan, Atousa"]
[Black "Topalov, Aleksandar"]
[WhiteFideId "12502014"]
[BlackFideId "925659"]
[WhiteElo "2228"]
[BlackElo "2151"]
[Result "1/2-1/2"]
[Round "10"]
[TimeControl "180+2"]
[Date "2023.04.18"]
[WhiteClock "0:00:15"]
[BlackClock "0:00:24"]

1. e4 e6 2. d4 d5 3. Nd2 Nf6 4. e5 Ng8 5. Bd3 Ne7 6. Ne2 Qd7 7. c3 b6 8. Nf3 Ba6 9. Bxa6 Nxa6 10. O-O Nb8 11. Ng5 h6 12. Nh3 c5 13. f4 h5 14. Ng5 g6 15. Be3 Nf5 16. Bf2 Nc6 17. Ng3 Nxg3 18. Bxg3 cxd4 19. cxd4 Nxd4 20. Kh1 Nf5 21. Bf2 Be7 22. Nf3 O-O 23. Nd4 Nxd4 24. Bxd4 Rac8 25. Rf3 Bc5 26. Bc3 Rfd8 27. Rg3 d4 28. Be1 Kh7 29. Rh3 Kg7 30. Rd3 Qc6 31. Qe2 Rd5 32. Bh4 Qe8 33. Bf6+ Kg8 34. Rg3 Be7 35. Bxe7 Qxe7 36. Qxh5 d3 37. Qh6 Qf8 38. Rxg6+ fxg6 39. Qxg6+ Kh8 40. Qh5+ Kg7 41. Qg5+ Kh8 42. Qh5+ Kg8 43. Qg6+ Kh8 44. Qh5+ 1/2-1/2


[Site "https://www.chess.com"]

[Event "Titled Tuesday Blitz April 18 Early 2023"]
[White "Inepton_Fermion"]
[Black "Kopczynski, Michal"]
[BlackFideId "1124200"]
[WhiteElo "2265"]
[BlackElo "2212"]
[Result "0-1"]
[Round "10"]
[TimeControl "180+2"]
[Date "2023.04.18"]
[WhiteClock "0:00:45"]
[BlackClock "0:02:13"]

1. e4 c5 2. Nf3 d6 3. d4 cxd4 4. Nxd4 Nf6 5. Nc3 g6 6. Be3 Bg7 7. f3 O-O 8. Qd2 Nc6 9. O-O-O d5 10. exd5 Nxd5 11. Nxc6 bxc6 12. Bd4 e5 13. Bc5 Be6 14. Ne4 h6 15. c4 Nb6 16. Bxf8 Qxf8 17. c5 Nd5 18. Nd6 h5 19. Kb1 Rb8 20. Bc4 e4 21. fxe4 Nc3+ 22. Kc2 Nxd1 23. Kxd1 Rxb2 24. Qd3 Bxc4 25. Qxc4 Rb1+ 26. Ke2 Rxh1 27. Qa6 Be5 28. Qxc6 Rxh2 29. Qd5 Rxg2+ 30. Kf1 Rg5 0-1


[Site "https://www.chess.com"]

[Event "Titled Tuesday Blitz April 18 Early 2023"]
[White "littlepillow2010"]
[Black "Quirke, Jeffrey"]
[BlackFideId "2013029"]
[WhiteElo "2403"]
[BlackElo "2247"]
[Result "1-0"]
[Round "10"]
[TimeControl "180+2"]
[Date "2023.04.18"]
[WhiteClock "0:00:21"]
[BlackClock "0:00:20"]

1. e4 Nf6 2. e5 Nd5 3. d4 d6 4. Nf3 dxe5 5. Nxe5 c6 6. Be2 Bf5 7. O-O Nd7 8. Nxd7 Qxd7 9. a3 e6 10. c4 Nf6 11. Nc3 Be7 12. Be3 O-O 13. Bf3 Rac8 14. Qe2 Rfd8 15. Rfd1 Qc7 16. b4 a6 17. h4 h6 18. g4 Bh7 19. g5 hxg5 20. hxg5 Ne8 21. Bh5 Bf5 22. Bg4 Bxg4 23. Qxg4 Nd6 24. Bf4 Qd7 25. Bxd6 Bxd6 26. Ne4 Qe7 27. Kg2 Kf8 28. Rh1 Ke8 29. Rh7 Qf8 30. Rah1 Kd7 31. d5 cxd5 32. cxd5 Rc2 33. dxe6+ fxe6 34. Rd1 Kc7 35. Qxe6 Re8 36. Qxd6+ Qxd6 37. Nxd6 Ree2 38. Rxg7+ Kb8 39. Rxb7+ Ka8 40. Rf7 1-0


[Site "https://www.chess.com"]

[Event "Titled Tuesday Blitz April 18 Early 2023"]
[White "Leve, Nitai"]
[Black "Tyagi, Kushan"]
[WhiteFideId "2006898"]
[BlackFideId "2040069"]
[WhiteElo "2144"]
[BlackElo "2293"]
[Result "1-0"]
[Round "10"]
[TimeControl "180+2"]
[Date "2023.04.18"]
[WhiteClock "0:00:18"]
[BlackClock "0:00:02"]

1. e4 c5 2. Nf3 e6 3. d4 cxd4 4. Nxd4 a6 5. Nc3 Qc7 6. Bd3 Nf6 7. O-O Bc5 8. Nb3 Be7 9. Qf3 d6 10. Bg5 Nbd7 11. Rad1 b5 12. a3 Bb7 13. Qg3 O-O 14. f4 Kh8 15. Qh4 Rg8 16. Rf3 Bf8 17. Rh3 h6 18. Kh1 e5 19. fxe5 dxe5 20. Rf1 Qb6 21. Nd5 Bxd5 22. exd5 Rc8 23. Bf5 Rc4 24. Qe1 Qd6 25. Nd2 Rd4 26. c3 Rxd5 27. Ne4 Nxe4 28. Bxe4 f6 29. Bxd5 Qxd5 30. Qd2 Qe6 31. Bxh6 gxh6 32. Rxh6+ Kg7 33. Rh3 Kf7 34. Rhf3 Rg6 35. Qf2 Bc5 36. Qe2 Qg4 37. Qd2 Nf8 38. h3 Qe6 39. b4 Bb6 40. Rd3 Nh7 41. Rd6 Qf5 42. Rxf5 1-0


[Site "https://www.chess.com"]

[Event "Titled Tuesday Blitz April 18 Early 2023"]
[White "Marcziter, Dmitrii"]
[Black "Aanna12"]
[WhiteFideId "13900765"]
[WhiteElo "2162"]
[BlackElo "2216"]
[Result "1-0"]
[Round "10"]
[TimeControl "180+2"]
[Date "2023.04.18"]
[WhiteClock "0:01:14"]
[BlackClock "0:00:01"]

1. d4 Nf6 2. c4 c5 3. d5 b5 4. cxb5 a6 5. b6 Qxb6 6. Nc3 d6 7. Nf3 g6 8. Nd2 Bg7 9. e4 O-O 10. Be2 Qd8 11. a4 Nbd7 12. a5 Rb8 13. Nc4 Ne8 14. O-O Nc7 15. Na4 Nb5 16. Nab6 Nxb6 17. Nxb6 Nd4 18. Bc4 Qc7 19. Ra3 Qa7 20. Qd3 f5 21. Nxc8 Rbxc8 22. Bxa6 Ra8 23. Bc4 f4 24. f3 Be5 25. Bd2 Rab8 26. Bc3 Rb7 27. Rd1 g5 28. h3 h5 29. Rb3 Rxb3 30. Bxb3 Nxb3 31. Bxe5 c4+ 32. Bd4 cxd3 33. Bxa7 d2 34. Kf1 Ra8 35. Bb6 Rc8 36. Ke2 Rc2 37. a6 Rxb2 38. Bf2 Ra2 39. a7 Kf7 40. Kd3 Ke8 41. Kc3 Nc5 42. Bxc5 dxc5 43. Rxd2 Rxa7 44. Kc4 Ra5 45. Rb2 Kd7 46. e5 Ra4+ 47. Kxc5 Ra5+ 48. Rb5 Ra2 49. Rb7+ Kd8 50. d6 exd6+ 51. Kxd6 Rd2+ 52. Ke6 Rxg2 53. Kf7 Re2 54. e6 g4 55. hxg4 hxg4 56. fxg4 f3 57. Rb3 f2 58. Rf3 Kc7 59. e7 Kd7 60. Rd3+ Kc7 61. Rd1 Re1 62. e8=Q 1-0


[Site "https://www.chess.com"]

[Event "Titled Tuesday Blitz April 18 Early 2023"]
[White "Kula, Robert"]
[Black "hsd2016"]
[WhiteFideId "1101218"]
[WhiteElo "2180"]
[BlackElo "2193"]
[Result "0-1"]
[Round "10"]
[TimeControl "180+2"]
[Date "2023.04.18"]
[WhiteClock "0:00:36"]
[BlackClock "0:00:10"]

1. d4 d5 2. c4 c6 3. Nc3 Nf6 4. a4 Bf5 5. e3 e6 6. Nf3 Nbd7 7. Be2 Bd6 8. c5 Bc7 9. O-O O-O 10. h3 h6 11. b4 a6 12. Rb1 Bxb1 13. Nxb1 Ne4 14. Qc2 Ndf6 15. b5 axb5 16. axb5 cxb5 17. Bxb5 Qe7 18. Bd3 e5 19. Bb2 exd4 20. Bxd4 Rfc8 21. Nc3 Nxc5 22. Nxd5 Nxd5 23. Bxc5 Bh2+ 24. Kxh2 Rxc5 25. Qb3 Rd8 26. Nd4 Rc3 27. Qb1 Qe5+ 28. g3 Rc7 29. Qb5 Qf6 30. Be4 Nc3 31. Qd3 Nxe4 32. Qxe4 Re7 33. Qb1 Red7 34. Kg1 Qe5 35. Qb6 Qh5 36. Kg2 Qd5+ 37. Kg1 Rd6 38. Qb4 Rg6 39. Rb1 b6 40. Qe7 Rdd6 41. Qe8+ Kh7 42. Rb5 Qc4 43. Rf5 Rdf6 44. Qe4 Rxf5 45. Qxf5 Qc1+ 46. Kg2 Qc7 47. h4 Kg8 48. h5 Rf6 49. Qd5 Qd6 50. Qa8+ Qf8 51. Qe4 Qb8 52. f4 b5 53. Nc6 Qc7 54. Ne7+ Kf8 55. Nd5 Qc6 56. Nxf6 Qxf6 57. Qa8+ Ke7 58. Qb7+ Kf8 59. Qxb5 Qe6 60. Qd3 Qc6+ 61. e4 f6 62. Kh3 Kf7 63. g4 Ke7 64. Kg3 Qc1 65. Qd5 Qg1+ 66. Kf3 Qf1+ 67. Ke3 Qe1+ 68. Kd4 Qd1+ 69. Kc5 Qxg4 70. f5 Qg1+ 71. Kc6 Qc1+ 72. Kb7 Qb2+ 73. Kc8 Qc3+ 74. Kb7 Qb4+ 75. Kc6 Qa4+ 76. Qb5 Qxe4+ 77. Kc7 Qe5+ 78. Kc8 Qxb5 79. Kc7 Qd7+ 80. Kb6 Qxf5 81. Ka6 Qxh5 82. Kb7 Qf3+ 83. Kb8 Qc3 84. Kb7 h5 85. Kb8 h4 86. Kb7 h3 87. Kb8 h2 88. Kb7 g5 0-1


[Site "https://www.chess.com"]

[Event "Titled Tuesday Blitz April 18 Early 2023"]
[White "Rodriguez Santiago, Jaime"]
[Black "Jaivardhan Raj"]
[WhiteFideId "3100898"]
[BlackFideId "25744437"]
[WhiteElo "2025"]
[BlackElo "1772"]
[Result "1-0"]
[Round "10"]
[TimeControl "180+2"]
[Date "2023.04.18"]
[WhiteClock "0:01:26"]
[BlackClock "0:01:52"]

1. c4 c5 2. Nc3 e5 3. g3 d6 4. Bg2 Nc6 5. e4 Nf6 6. d3 Be6 7. Nge2 Be7 8. a3 O-O 9. O-O a5 10. Rb1 Nd4 11. Nxd4 exd4 12. Ne2 Nd7 13. f4 f5 14. exf5 Bxf5 15. Bxb7 Rb8 16. Bg2 Bg4 17. h3 Bh5 18. g4 Bf7 19. Ng3 Nf6 20. Bd2 d5 21. g5 Ne8 22. Qe2 dxc4 23. dxc4 d3 24. Qe4 Nd6 25. Qxd3 Nxc4 26. Qxd8 Rfxd8 27. Bc3 Bd6 28. Nf5 Bc7 29. Nxg7 Ne3 30. Rf2 Nd1 31. Rxd1 Rxd1+ 32. Kh2 Re8 33. Nxe8 Bxe8 34. Bf3 Bxf4+ 35. Kg2 Rd8 36. Bxa5 Rb8 37. Bd5+ Kg7 38. Bc3+ Kg6 39. Rxf4 Kxg5 40. Kg3 h5 41. h4+ Kg6 42. Rf6+ Kh7 43. Be4+ Kg8 44. Bd5+ Kh7 45. Rf8 Kg6 46. Be4+ Kh6 47. Rh8# 1-0


[Site "https://www.chess.com"]